AoeStats
← SS_Guxta

Fortress

510325984Analyzed
1v1 RM · 3d ago on Sep 30, 2026· 42m 51s· 2 players
Game mode
Random Map
Map size
Small (3 player)
Population
200
Speed
Normal
Resources
Standard
Victory
Conquest
Starting age
Dark Age
Ending age
Imperial Age
RankedLock teamsTeams togetherTeam positionsShared explorationLock speedFull tech treeHidden civsTurbo modeCheats
Victory
Defeat
🇺🇸 Mongols · United States
1846
+14
🇺🇸 Lithuanians · United States
1796
-14
SS_Guxta
7:04 Feudal Age
10:49 Castle Age
8:55 Double-Bit Axe
9:19 Horse Collar
13:47 Bow Saw
20:05 Wheelbarrow
20:37 Devotion
20:48 Loom
25:09 Imperial Age
22:47 Fletching
23:25 Padded Archer Armor
23:29 Heavy Plow
24:13 Ballistics
23:35 Pikeman
24:06 Town Watch
25:09 Bodkin Arrow
25:30 Leather Archer Armor
25:02 Elite Skirmisher
26:10 Thumb Ring
26:16 Bracer
25:40 Halberdier
26:53 Tower Shields
28:27 Chemistry
27:59 Squires
28:01 Scale Mail Armor
28:50 Forging
29:22 Ring Archer Armor
29:38 Chain Mail Armor
29:11 Arson
30:39 Iron Casting
30:19 Masonry
30:40 Conscription
32:36 Hoardings
33:16 Gold Mining
33:17 Stone Mining
36:12 Two-Man Saw
35:43 Bloodlines
35:33 Husbandry
36:29 Guilds
38:11 Light Cavalry
38:51 Husbandry
40:50 Architecture
LowEloNobody
7:00 Feudal Age
10:43 Castle Age
8:37 Horse Collar
9:07 Double-Bit Axe
12:28 Heavy Plow
17:29 Town Watch
17:40 Loom
19:15 Bow Saw
22:02 Gold Mining
24:54 Imperial Age
22:19 Fletching
22:29 Padded Archer Armor
22:56 Bodkin Arrow
23:49 Gold Shaft Mining
23:15 Stone Mining
24:06 Leather Archer Armor
25:01 Scale Barding Armor
25:07 Forging
25:50 Wheelbarrow
25:28 Bloodlines
25:21 Husbandry
26:05 Chain Barding Armor
26:18 Conscription
26:00 Bracer
27:04 Iron Casting
25:55 Elite Steppe Lancer
27:53 Chemistry
27:48 Heavy Camel Rider
29:13 Ballistics
30:10 Hand Cart
31:15 Blast Furnace
30:16 Elite Mangudai
31:40 Nomads
32:32 Parthian Tactics
32:28 Masonry
32:38 Thumb Ring
33:27 Siege Engineers
33:09 Onager
36:17 Town Patrol
36:49 Siege Onager
39:55 Drill
40:50 Hoardings
39:50 Light Cavalry
41:31 Fortified Wall
Connection lost

Rejoining the realm…

Still unreachable

The connection could not be restored.

Session expired

The server has moved on; the page needs a fresh start.